 Dungeon Crawl Stone Soup version 0.30-a0-857-gcaf70739d4 (webtiles) character file.

Game seed: 4319460269542817910

3435 Newt the Markskobold (level 10, -1/64 HPs)
             Began as a Kobold Hunter on Mar 6, 2023.
             Slain by a troll (13 damage)
             ... on level 8 of the Dungeon.
             The game lasted 00:04:50 (7523 turns).

Newt the Markskobold (Kobold Hunter)                Turns: 7523, Time: 00:04:51

Health: -1/64      AC:  6    Str:  8    XL:     10   Next: 25%
Magic:  10/10      EV: 23    Int: 11    God:
Gold:   408        SH:  0    Dex: 23    Spells: 9/9 levels left

rFire   . . .      SeeInvis .    a - +1 shortbow (heavy)
rCold   + + .      Faith    .    (shield currently unavailable)
rNeg    . . .      Spirit   .    p - +3 leather armour of the Fiddle {rC++ Stlth+}
rPois   .          Reflect  .    (no helmet)
rElec   .          Rampage  .    n - scarf {harm}
rCorr   .          Harm     + .  (no gloves)
Will    .....                    (no boots)
Stlth   ++++                     o - amulet of the acrobat
HPRegen 0.30/turn                j - +5 ring of evasion
MPRegen 0.12/turn                r - +4 ring of slaying

@: attractive, hasted, very quick
A: small, no large weapons, nightstalker 3
a: no special abilities


You were on level 8 of the Dungeon.
You visited 2 branches of the dungeon, and saw 8 of its levels.

You collected 408 gold pieces.

Inventory:

Hand Weapons
 a - a +1 heavy shortbow (weapon)
Armour
 c - a +0 leather armour
 l - +0 steam dragon scales
 n - a scarf of harm (worn)
 p - the +3 leather armour of the Fiddle (worn) {rC++ Stlth+}
   (You took it off a hobgoblin on level 2 of the Dungeon)

   rC:        It greatly protects you from cold.
   Stlth:     It makes you more stealthy.
Jewellery
 j - a +5 ring of evasion (left hand)
 m - a ring of protection from cold
 o - an amulet of the acrobat (around neck)
 q - an amulet of guardian spirit
 r - a +4 ring of slaying (right hand)
 v - an amulet of regeneration
Wands
 w - a wand of iceblast (4)
Scrolls
 b - 2 scrolls of immolation
 x - a scroll of teleportation
Potions
 d - 2 potions of might
 e - a potion of attraction
 f - a potion of mutation
 g - a potion of magic {unknown}
 h - a potion of brilliance {unknown}
 i - a potion of heal wounds {unknown}
 k - a potion of curing
 s - a potion of berserk rage {unknown}
 u - a potion of cancellation {unknown}


   Skills:
 - Level 8.0 Fighting
 + Level 15.1 Ranged Weapons
 - Level 6.0 Dodging
 - Level 1.3 Stealth


You had 9 spell levels left.
You didn't know any spells.
Your spell library contained the following spells:

 Spells                   Type           Power      Damage    Failure   Level
 Apportation              Tloc           0%         N/A       45%         1
 Magic Dart               Conj           0%         1d3       45%         1
 Necrotise                Necr           0%         1d4       45%         1
 Summon Small Mammal      Summ           0%         N/A       45%         1
 Call Imp                 Summ           0%         N/A       61%         2
 Gell's Gravitas          Tloc           0%         N/A       83%         3
 Mephitic Cloud           Conj/Pois/Air  0%         N/A       83%         3
 Teleport Other           Tloc           0%         N/A       83%         3
 Dispersal                Tloc           0%         N/A       100%        6


Dungeon Overview and Level Annotations

Branches:
Dungeon (6/15)             Temple (1/1) D:4

Altars:
Dithmenos
Fedhas
Qazlal
Trog
Uskayaw
Xom
Zin

Shops:
D:2 (

Annotations:
D:5 Duvessa


Innate Abilities, Weirdness & Mutations

You are small and have problems with some larger weapons.
You are completely attuned to the shadows.


Message History

You kill the wyvern!
The centaur warrior shoots an arrow.
The arrow hits you!
You hear a shout!
Your Ranged Weapons skill increases to level 15!
You shoot an arrow. The arrow hits the centaur warrior!
The centaur warrior is moderately wounded.
The centaur warrior shoots an arrow.
The arrow hits you!
The centaur warrior shoots an arrow.
The arrow hits you!
* * * LOW HITPOINT WARNING * * *
Okay, then.
Aiming: Iceblast
Press: ? - help, Shift-Dir - straight line, f/p - centaur warrior
Aim: a centaur warrior, wielding a +0 shortbow (moderately wounded)
The mass of ice explodes!
The iceblast engulfs the centaur warrior!
The centaur warrior is heavily wounded.
Okay, then.
You shoot an arrow. The arrow hits the centaur warrior.
The centaur warrior is heavily wounded.
The centaur warrior unwields a +0 shortbow.
The centaur warrior hits you!
* * * LOW HITPOINT WARNING * * *
The centaur warrior closely misses you. x2; The centaur warrior kicks you.
* * * LOW HITPOINT WARNING * * *
It was a potion of attraction.
You feel attractive to monsters. The centaur warrior closely misses you.
The centaur warrior completely misses you.
It was a potion of curing.
You feel better. The centaur warrior hits you.
* * * LOW HITPOINT WARNING * * *
The centaur warrior misses you.
A troll comes into view.
The centaur warrior misses you. The centaur warrior closely misses you.
The troll is attracted toward you.
Unknown command.
The centaur warrior wields a +0 shortbow.
The centaur warrior shoots an arrow.
The arrow misses you.
You hear a shout!
You feel yourself speed up. The troll bites you!
You die...

##)#.#...##..
#...##...#.. .. ##.
##...###)...
.ยง.###... #.#'#.#....
#..#.....#####...##...
#..)...###.#......#...
#..c###...##..#..##..
#.#T#......#.....)#..
# #.@.(.#..##...####'
##..###...'.###....
#...###..### .....
##..#.)...# .....
#...)..### ..(..
##...### ##### .##


You could see a centaur warrior and a troll.

Vanquished Creatures
  A two-headed ogre (D:8)
  A meliai (D:8)
  A vampire (D:8)
  A wyvern (D:8)
  2 steam dragons
  2 water moccasins
  2 sky beasts
  2 orc warriors
  An ice beast (D:5)
  3 ogres
  A phantom (D:4)
  3 kobold brigands
  4 bullfrogs
  3 scorpions (D:6)
  Dowan (D:5)
  A howler monkey (D:8)
  A jelly (D:4)
  3 orc priests
  A hound (D:5)
  A gnoll bouda (D:8)
  A sleepcap (D:6)
  3 iguanas
  3 adders
  A white imp (D:6)
  2 worms
  4 dart slugs
  9 orcs
  6 ball pythons
  6 endoplasms
  5 giant cockroaches
  4 goblins
  6 hobgoblins
  4 jackals (D:4)
  19 kobolds
  2 quokkas
  4 bats
  5 frilled lizards
  6 rats
125 creatures vanquished.

Vanquished Creatures (others)
  11 plants (D:4)
  7 toadstools (D:1)
18 creatures vanquished.

Grand Total: 143 creatures vanquished

Notes
Turn   | Place    | Note
-------+----------+-------------------------------------------
     0 | D:1      | Newt the Kobold Hunter began the quest for the Orb.
     0 | D:1      | Reached XP level 1. HP: 12/12 MP: 1/1
   123 | D:1      | Reached XP level 2. HP: 18/18 MP: 2/2
   206 | D:1      | Noticed a chaos spawn
   210 | D:1      | Found a faded altar of an unknown god.
   814 | D:2      | Reached XP level 3. HP: 23/23 MP: 3/3
   994 | D:2      | Found Jousylodda's Weapon Emporium.
  1108 | D:2      | Identified the +3 leather armour of the Fiddle {rC++
                  | Stlth+}
  1392 | D:2      | Reached XP level 4. HP: 30/30 MP: 4/4
  2072 | D:3      | Reached skill level 5 in Fighting
  2272 | D:3      | Reached skill level 6 in Ranged Weapons
  2272 | D:3      | Reached XP level 5. HP: 27/35 MP: 5/5
  3067 | D:4      | Noticed a phantom
  3070 | D:4      | Killed a phantom
  3071 | D:4      | Reached skill level 7 in Ranged Weapons
  3071 | D:4      | Reached XP level 6. HP: 40/40 MP: 6/6
  3223 | D:4      | Noticed an ogre
  3226 | D:4      | Killed an ogre
  3227 | D:4      | Reached skill level 8 in Ranged Weapons
  3531 | D:4      | Found a staircase to the Ecumenical Temple.
  3655 | Temple   | Entered the Ecumenical Temple
  3857 | D:4      | Reached XP level 7. HP: 44/44 MP: 7/7
  4043 | D:5      | Entered Level 5 of the Dungeon
  4217 | D:5      | Noticed Dowan
  4218 | D:5      | Killed Dowan
  4219 | D:5      | Reached skill level 9 in Ranged Weapons
  4220 | D:5      | Noticed Duvessa
  4226 | D:5      | HP: 2/44 [Duvessa/+0 rapier (18)]
  4877 | D:6      | Reached skill level 10 in Ranged Weapons
  5318 | D:6      | Reached XP level 8. HP: 47/49 MP: 8/8
  5345 | D:6      | Reached skill level 5 in Dodging
  5960 | D:6      | Reached XP level 9. HP: 40/59 MP: 9/9
  6567 | D:5      | You fall into a shaft and drop 3 floors!
  6578 | D:8      | Reached skill level 11 in Ranged Weapons
  6880 | D:8      | Reached skill level 12 in Ranged Weapons
  7144 | D:8      | Noticed a two-headed ogre
  7147 | D:8      | Killed a two-headed ogre
  7148 | D:8      | Reached skill level 14 in Ranged Weapons
  7148 | D:8      | Reached XP level 10. HP: 64/64 MP: 10/10
  7514 | D:8      | Noticed a centaur warrior
  7517 | D:8      | Reached skill level 15 in Ranged Weapons
  7519 | D:8      | HP: 2/64 [centaur warrior (4)]
  7523 | D:8      | Slain by a troll

Illustrated notes

Levels and vault maps discovered:
D:1:      nagdon_arrival_double_spiral, layout_basic,
          dreamdust_ecumenical_altar_sealed_demon
D:2:      layout_loops_ring, serial_shops, nicolae_shop_bloodbath_and_beyond,
          minmay_close_crescents
D:3:      layout_basic
D:4:      layout_basic, temple_fountains, serial_forest,
          infiniplex_forest_zigzag_1, infiniplex_forest_diagonal,
          infiniplex_forest_clump_small, infiniplex_forest_corner_2,
          infiniplex_forest_clump_double, infiniplex_forest_clump_long,
          infiniplex_forest_end_2
D:5:      cheibrodos_thug_alley, layout_basic, minitemple,
          uniq_crazy_yiuf_cottage, uniq_duvessa
D:6:      layout_cave_pods, serial_bayou_lagoon_a, kennysheep_generic_room_2
D:8:      minmay_slanted_spiral_squares, layout_gridville,
          mainiacjoe_overflow_surrounded_room
Temple:   nicolae_temple_superstar

Skill      XL: |  1  2  3  4  5  6  7  8  9 10 |
---------------+-------------------------------+-----
Fighting       | 3 4 5 7 8 |  8.0
Ranged Weapons | 6 7 8 10 14 15 | 15.1
Dodging        | 4 6 |  6.0
Stealth        | |  1.3

Action                     |  1- 3 |  4- 6 |  7- 9 | 10-12 || total
---------------------------+-------+-------+-------+-------++-------
   Fire: Shortbow          |    83 |    65 |   122 |    11 ||   281
  Evoke: Wand              |       |       |       |     1 ||     1
    Use: Scroll            |     2 |     4 |     6 |       ||    12
         Potion            |       |     1 |     1 |     3 ||     5
 Armour: Leather armour    |     1 |     8 |     8 |     1 ||    18
  Dodge: Dodged            |    20 |    38 |    92 |    13 ||   163

Table legend: (Time is in decaauts)
 A = Elapsed time spent in this place.
 B = Non-inter-level travel time spent in this place.
 C = Inter-level travel time spent in this place.
 D = Time resting spent in this place.
 E = Time spent auto-exploring this place.
 F = Levels seen in this place.
 G = Mean time per level.
                   A        B        C        D        E       F      G
               +--------+--------+--------+--------+--------+-----+--------+
         Total |   7630 |   7403 |    227 |   1104 |   5577 |   8 |  953.8 |
       Dungeon |   7461 |   7249 |    212 |   1104 |   5430 |   7 | 1065.9 |
        Temple |    169 |    155 |     14 |      0 |    147 |   1 |  169.0 |
               +--------+--------+--------+--------+--------+-----+--------+

Top non-repeatable levels by time:
     D:6: 1779 daAuts
     D:3: 1323 daAuts
     D:8: 970 daAuts
     D:4: 923 daAuts
     D:2: 862 daAuts
     D:1: 819 daAuts
     D:5: 783 daAuts
  Temple: 169 daAuts
